 Dungeon Crawl Stone Soup version 0.20.1-1-g8b1a95d (webtiles) character file.

21788 grizmgrazm2 the Unseen (level 12, -14/72 HPs)
             Began as a Vampire Enchanter on Sept 25, 2017.
             Was the Champion of Hepliaklqana.
             Demolished by a six-headed hydra (16 damage)
             ... on level 6 of the Lair of Beasts.
             The game lasted 00:59:19 (17845 turns).

grizmgrazm2 the Unseen (Vampire Enchanter)         Turns: 17845, Time: 00:59:19

Health: -14/72     AC:  0    Str:  7    XL:     12   Next: 57%
Magic:  14/25      EV: 24    Int: 23    God:    Hepliaklqana [******]
Gold:   995        SH:  0    Dex: 19    Spells: 17/30 levels left

rFire    . . .     SeeInvis +   (weapon currently unavailable)
rCold    + . .     Gourm    .   (shield currently unavailable)
rNeg     + + .     Faith    .   (armour currently unavailable)
rPois    +         Spirit   .   (helmet currently unavailable)
rElec    .         Reflect  .   (cloak currently unavailable)
rCorr    .         Harm     .   (gloves currently unavailable)
MR       +....                  (boots currently unavailable)
Stlth    +++++++++.             (no amulet)
Regen    0.2/turn               (ring currently unavailable)
MPRegen  0.2/turn               (ring currently unavailable)

@: bat-form, flying, regenerating slowly, very quick
A: reduced essence, fangs 3, see invisible
a: End Transformation, Recall Ancestor, Ancestor Identity, Transference,
Idealise, Renounce Religion


You were on level 6 of the Lair of Beasts.
You worshipped Hepliaklqana.
Hepliaklqana was exalted by your worship.
You were very thirsty.
You were in vampire-bat-form.
You visited 3 branches of the dungeon, and saw 17 of its levels.

You collected 995 gold pieces.

Inventory:

Hand Weapons
 a - a +5 dagger of electrocution (melded)
 C - a +1 dagger of speed
Armour
 g - a +0 cloak (melded)
 j - a +0 pair of boots (melded)
 p - a +1 buckler (melded)
 s - a +1 helmet (melded)
 O - a +2 robe of the Archmagi (melded)
 S - a +1 pair of gloves (melded)
Jewellery
 n - a +1 ring of evasion (melded)
 y - an uncursed ring of resist corrosion
 M - a ring of stealth (melded)
 P - an uncursed ring of fire
Wands
 f - a wand of digging (10/24)
 h - a wand of lightning (9/15)
 k - a wand of enslavement (6/24)
 m - a wand of random effects (26/48)
 t - a wand of flame (23/48)
 E - a wand of confusion (23/48)
 F - a wand of polymorph (14/24)
 G - a wand of disintegration (10/24)
 H - a wand of paralysis (18/24)
Scrolls
 i - 4 scrolls of remove curse
 l - 5 scrolls of teleportation
 v - 2 scrolls of fog
 B - a scroll of fear
 N - a scroll of recharging
Potions
 d - 19 potions of blood
 q - a potion of haste
 r - 2 potions of curing
 x - 3 potions of magic
 K - 2 potions of heal wounds
 U - a potion of cancellation
Books
 b - a book of the Earth

   Spells                             Type                      Level
   a - Leda's Liquefaction            Hexes/Earth                  4
   b - Bolt of Magma                  Conjuration/Fire/Earth       5
   c - Statue Form                    Transmutation/Earth          6
   d - Iron Shot                      Conjuration/Earth            6
   e - Shatter                        Earth                        9
 c - a book of Maledictions

   Spells                             Type                      Level
   a - Corona                         Hexes                        1
   b - Ensorcelled Hibernation        Hexes/Ice                    2
   c - Confuse                        Hexes                        3
   d - Tukima's Dance                 Hexes                        3
   e - Dazzling Spray                 Conjuration/Hexes            3
 u - a book of Cantrips

   Spells                             Type                      Level
   a - Confusing Touch                Hexes                        1
   b - Animate Skeleton               Necromancy                   1
   c - Summon Small Mammal            Summoning                    1
   d - Apportation                    Translocation                1
 w - a book of Debilitation

   Spells                             Type                      Level
   a - Corona                         Hexes                        1
   b - Slow                           Hexes                        2
   c - Inner Flame                    Hexes/Fire                   3
   d - Portal Projectile              Hexes/Translocation          3
   e - Cause Fear                     Hexes                        4
   f - Leda's Liquefaction            Hexes/Earth                  4


   Skills:
 + Level 2.6 Fighting
 + Level 6.1 Short Blades
 + Level 5.0 Dodging
 + Level 18.1 Stealth
 + Level 1.0 Shields
 + Level 9.5 Spellcasting
 + Level 14.3 Hexes
   Level 0.2 Translocations
 + Level 5.7 Ice Magic


You had 17 spell levels left.
You knew the following spells:

 Your Spells              Type           Power        Failure   Level  Hunger
a - Ensorcelled Hibernat  Hex/Ice        ######       1%          2    None
b - Confuse               Hex            ######..     1%          3    None
c - Tukima's Dance        Hex            ######..     1%          3    None
d - Cause Fear            Hex            ######....   1%          4    ##.....
f - Corona                Hex            ######.      0%          1    None


Dungeon Overview and Level Annotations

Branches:
Dungeon (10/15)            Temple (1/1) D:7            Lair (6/6) D:10
 Shoals (0/4) Lair:2       Spider (0/4) Lair:2
  Slime: Lair:5-6       Orc: D:9-12

Altars:
Ashenzari
Cheibriados
Dithmenos
Elyvilon
Fedhas
Gozag
Hepliaklqana
Kikubaaqudgha
Makhleb
Nemelex Xobeh
Okawaru
Qazlal
Ru
Sif Muna
Trog
Uskayaw
Vehumet
Xom
Yredelemnul
Zin
The Shining One

Annotations:
Lair:1 exclusion: oklob plant
Lair:2 exclusion: oklob plant
Lair:6 exclusion: oklob plant


Innate Abilities, Weirdness & Mutations

You heal slowly.
You have razor-sharp teeth.
You have supernaturally acute eyesight. (SInv)
((You can survive without breathing.))
Your life essence is reduced to manifest your ancestor. (-10% HP)


Message History

Your +0 pair of boots melds into your body.
Your +1 buckler melds into your body.
Your +2 robe of the Archmagi melds into your body.
Your ring of stealth melds into your body.
Your +1 ring of evasion melds into your body.
Your +5 dagger of electrocution stops crackling.
You feel strangely numb. The elephant misses you.
The elephant completely misses you.
The wall burns the elephant!
The komodo dragon completely misses you.
The six-headed hydra bites you!
* * * LOW HITPOINT WARNING * * *
The six-headed hydra closely misses you.
The six-headed hydra bites you.
* * * LOW HITPOINT WARNING * * *
The six-headed hydra bites you.
* * * LOW HITPOINT WARNING * * *
The six-headed hydra bites you.
* * * LOW HITPOINT WARNING * * *
The six-headed hydra bites you!
You die...

#. ###....# ###.##.#.....
#...†.# .... ###P...###..#
....P.P..#..# ...........P#
#### ...........####..###
......P.#.D#.......###
#.....###JYb..PP...#P#
......##JJl.#P.##....# ###
......#.†#..###.....#####.#
..#.....#####.....#.#R...#
.....Y....# ...###.##.#...#
...#...PP.##.#. .##.#..###
........P.#. # ## #....#
.......... #######..###
#.....P..... #.#.#.#..#


You could see a six-headed hydra, 2 elephants, a komodo dragon, 2 jellies and an
ooze.

Vanquished Creatures
  Snorg (D:10)
  3 two-headed ogres
  A hydra (Lair:1)
  4 lindwurms (Lair:2)
  An elephant (Lair:6)
  2 black mambas (Lair:4)
  5 spiny frogs
  7 komodo dragons
  A troll (D:7)
  A wind drake (Lair:6)
  2 polar bears (Lair:6)
  3 blink frogs (Lair:2)
  7 hippogriffs
  2 redbacks (Lair:2)
  17 yaks
  A wyvern (Lair:6)
  A human (D:8)
  A basilisk (Lair:6)
  2 hogs (D:8)
  Edmund (D:4)
  11 water moccasins
  The ghost of Ratty the Firebug, an amateur DEFE (D:3)
  An orc warrior (D:6)
  8 porcupines
  4 ice beasts
  A necrophage (D:7)
  5 ogres
  2 phantoms
  3 wolves (D:10)
  A centaur (D:6)
  7 crocodiles
  A big kobold (D:10)
  8 bullfrogs
  3 scorpions
  4 howler monkeys
  2 electric eels (Lair:4)
  A crimson imp (D:9)
  3 bullfrog zombies
  A jelly (D:8)
  2 orc priests (D:10)
  3 hounds
  4 orc wizards
  Crazy Yiuf (D:6)
  2 bullfrog skeletons (D:8)
  A centaur skeleton (D:8)
  An iguana (D:9)
  Ijyb (D:5)
  Jessica (D:3)
  Terence (D:3)
  A hexer (Lair:1)
  6 worker ants
  A hound zombie (D:7)
  A hound skeleton (D:4)
  An ancestor (D:7)
  5 gnolls
  5 adders
  A shadow imp (D:10)
  An ooze (D:7)
  An adder zombie (D:8)
  A worm (D:2)
  A dart slug (D:1)
  6 leopard geckos
  21 orcs
  2 ball pythons
  3 bats
  3 giant cockroaches
  7 hobgoblins
  6 jackals
  13 kobolds
  4 quokkas
  A ball python skeleton (D:5)
  6 frilled lizards (D:2)
  7 goblins
  8 rats
259 creatures vanquished.

Vanquished Creatures (collateral kills)
  Sigmund (D:3)
  A yak (Lair:3)
  2 orc warriors
  A phantom (D:4)
  An ogre (D:4)
  A wyvern skeleton (D:7)
  A crimson imp (D:8)
  3 hounds
  2 orc priests
  2 orc wizards (D:9)
  3 worker ants
  A hound skeleton (D:4)
  3 gnolls
  An adder (D:4)
  2 adder skeletons (D:4)
  9 orcs
  2 giant cockroaches (D:7)
  A jackal (D:9)
  2 kobolds (D:10)
  A quokka (D:4)
  A frilled lizard (D:4)
  A leopard gecko skeleton (D:4)
  A fungus (Lair:6)
  2 plants (D:10)
45 creatures vanquished.

Vanquished Creatures (others)
  A black mamba (Lair:6)
  A rime drake (Lair:6)
  2 dancing weapons (D:9)
  5 hexers
  4 fungi
  7 plants
20 creatures vanquished.

Grand Total: 324 creatures vanquished

Notes
Turn   | Place    | Note
-------+----------+-------------------------------------------
     0 | D:1      | grizmgrazm2 the Vampire Enchanter began the quest for the Orb.
     0 | D:1      | Reached XP level 1. HP: 13/13 MP: 3/3
   603 | D:1      | Reached XP level 2. HP: 19/19 MP: 5/5
   610 | D:1      | Learned a level 2 spell: Ensorcelled Hibernation
  1193 | D:1      | Reached skill level 5 in Stealth
  1931 | D:2      | Reached XP level 3. HP: 24/24 MP: 1/6
  1936 | D:2      | Learned a level 3 spell: Confuse
  2323 | D:3      | Noticed Ratty's ghost (amateur DEFE)
  2418 | D:2      | Reached skill level 5 in Hexes
  3333 | D:2      | Found an iron altar of Okawaru.
  3334 | D:2      | Found a hazy altar of Hepliaklqana.
  3346 | D:2      | Became a worshipper of Hepliaklqana the Forgotten
  4024 | D:3      | Noticed Sigmund
  4044 | D:3      | Killed Sigmund
  4044 | D:3      | Reached skill level 6 in Stealth
  4044 | D:3      | Reached skill level 1 in Ice Magic
  4044 | D:3      | Reached XP level 4. HP: 27/27 MP: 3/8
  4044 | D:3      | Reached XP level 5. HP: 32/32 MP: 3/9
  4214 | D:3      | Noticed Terence
  4219 | D:3      | Killed Terence
  4403 | D:3      | Noticed Jessica
  4411 | D:3      | Killed Jessica
  4411 | D:3      | Reached XP level 6. HP: 37/37 MP: 10/10
  4415 | D:3      | Reached skill level 7 in Stealth
  4510 | D:5      | Entered Level 5 of the Dungeon
  4844 | D:4      | Noticed Edmund
  4854 | D:4      | Killed Edmund
  4951 | D:4      | Reached XP level 7. HP: 42/42 MP: 2/12
  5054 | D:4      | Reached skill level 8 in Stealth
  5288 | D:4      | Reached skill level 1 in Fighting
  5399 | D:4      | Reached skill level 9 in Stealth
  6076 | D:3      | Found a sacrificial altar of Ru.
  6223 | D:3      | Killed Ratty's ghost
  6223 | D:3      | Reached XP level 8. HP: 36/48 MP: 12/14
  6535 | D:5      | Learned a level 3 spell: Tukima's Dance
  6645 | D:5      | Noticed Ijyb
  6658 | D:5      | Killed Ijyb
  6816 | D:5      | Reached skill level 5 in Spellcasting
  6896 | D:5      | You fall through a shaft!
  6937 | D:6      | Reached * piety under Hepliaklqana
  7252 | D:7      | Found a shattered altar of Ashenzari.
  7362 | D:7      | Reached skill level 10 in Stealth
  7571 | D:7      | Found a shimmering altar of Xom.
  7573 | D:7      | Found an iron altar of Okawaru.
  7573 | D:7      | Found a hazy altar of Hepliaklqana.
  7575 | D:7      | Found a hide-covered altar of Uskayaw.
  7575 | D:7      | Found a shimmering altar of Xom.
  7575 | D:7      | Found an ancient bone altar of Kikubaaqudgha.
  7921 | D:7      | Found a staircase to the Ecumenical Temple.
  7927 | Temple   | Entered the Ecumenical Temple
  7991 | D:7      | Noticed a troll
  8015 | D:7      | Killed a troll
  8192 | D:7      | Reached skill level 11 in Stealth
  8192 | D:7      | Reached XP level 9. HP: 53/53 MP: 9/17
  8448 | D:6      | Reached ** piety under Hepliaklqana
  8449 | D:6      | Remembered your ancestor Aula as a hexer
  8634 | D:6      | Found a blossoming altar of Fedhas.
  8634 | D:6      | Found a glowing silver altar of Zin.
  8878 | D:6      | Found a runed door.
  9022 | D:6      | Reached skill level 12 in Stealth
  9249 | D:6      | Noticed Crazy Yiuf
  9253 | D:6      | Killed Crazy Yiuf
 10177 | D:8      | Reached skill level 10 in Hexes
 10377 | D:8      | Learned a level 4 spell: Cause Fear
 10509 | D:8      | Reached skill level 13 in Stealth
 10520 | D:8      | Reached XP level 10. HP: 59/59 MP: 8/20
 10952 | D:9      | Reached *** piety under Hepliaklqana
 11232 | D:9      | Noticed a two-headed ogre
 11251 | D:9      | Killed a two-headed ogre
 11707 | D:9      | Found a bloodstained altar of Trog.
 11741 | D:10     | Entered Level 10 of the Dungeon
 11891 | D:10     | Noticed a two-headed ogre
 11899 | D:10     | Killed a two-headed ogre
 12026 | D:10     | Noticed a two-headed ogre
 12033 | D:10     | Killed a two-headed ogre
 12033 | D:10     | Reached skill level 14 in Stealth
 12194 | D:10     | Noticed Snorg
 12213 | D:10     | Killed Snorg
 12213 | D:10     | Reached skill level 5 in Short Blades
 12294 | D:10     | Found a staircase to the Lair.
 12776 | Lair:1   | Entered Level 1 of the Lair of Beasts
 12778 | Lair:1   | Reached XP level 11. HP: 64/64 MP: 22/22
 12852 | Lair:1   | Reached skill level 15 in Stealth
 12860 | Lair:1   | Reached **** piety under Hepliaklqana
 12969 | Lair:1   | Reached skill level 1 in Shields
 12992 | Lair:1   | Noticed an eight-headed hydra
 13013 | Lair:1   | Killed an eight-headed hydra
 13560 | Lair:1   | Found a blossoming altar of Fedhas.
 13570 | Lair:1   | Noticed an oklob plant
 13881 | Lair:2   | Got a clouded granite ring
 13883 | Lair:2   | Identified the ring of Kusiumnu {Fire Stlth+} (You found it on level 2 of the Lair of Beasts)
 13898 | Lair:2   | Found a staircase to the Shoals.
 14096 | Lair:2   | Found a hole to the Spider Nest.
 14111 | Lair:2   | Reached ***** piety under Hepliaklqana
 14193 | Lair:2   | Noticed a lindwurm
 14195 | Lair:2   | Noticed a lindwurm
 14206 | Lair:2   | Killed a lindwurm
 14229 | Lair:2   | Noticed a lindwurm
 14230 | Lair:2   | Killed a lindwurm
 14230 | Lair:2   | Reached skill level 16 in Stealth
 14247 | Lair:2   | Killed a lindwurm
 14254 | Lair:2   | Noticed a lindwurm
 14267 | Lair:2   | Killed a lindwurm
 14682 | Lair:2   | Noticed an oklob plant
 15013 | Lair:3   | Learned a level 3 spell: Portal Projectile
 15389 | Lair:3   | Reached skill level 5 in Ice Magic
 15389 | Lair:3   | Reached XP level 12. HP: 72/72 MP: 16/24
 15510 | Lair:3   | Reached skill level 17 in Stealth
 17315 | Lair:6   | Entered Level 6 of the Lair of Beasts
 17350 | Lair:6   | Reached ****** piety under Hepliaklqana
 17750 | Lair:6   | Reached skill level 5 in Dodging
 17810 | Lair:6   | Reached skill level 18 in Stealth
 17841 | Lair:6   | Noticed a six-headed hydra
 17845 | Lair:6   | HP: 2/72 [six-headed hydra (4)]
 17845 | Lair:6   | Demolished by a six-headed hydra

Skill      XL: |  1  2  3  4  5  6  7  8  9 10 11 12 |
---------------+-------------------------------------+-----
Stealth        | 5 6 7 9 11 13 14 16 18 | 18.1
Hexes          | 5 6 7 9 10 12 13 14 | 14.3
Short Blades   | 2 3 5 6 |  6.1
Dodging        | 3 4 5 |  5.0
Ice Magic      | 1 2 3 5 |  5.7
Spellcasting   | 3 4 5 6 7 8 9 |  9.5
Fighting       | 1 2 |  2.6
Shields        | 1 |  1.0
Translocations | |  0.2

Action                   |  1- 3 |  4- 6 |  7- 9 | 10-12 || total
-------------------------+-------+-------+-------+-------++-------
Melee: Dagger            |   172 |    32 |   238 |   313 ||   755
       Bite              |    12 |     2 |    13 |    32 ||    59
       Unarmed           |     1 |       |       |       ||     1
 Cast: Corona            |    23 |       |       |       ||    23
       Ensorcelled Hiber |    31 |    11 |    59 |    71 ||   172
       Confuse           |     3 |    10 |    55 |    44 ||   112
       Tukima's Dance    |       |       |     1 |    15 ||    16
       Portal Projectile |       |       |       |     3 ||     3
Invok: Recall Ancestor   |       |     2 |     1 |     1 ||     4
       Ancestor Life: He |       |       |     1 |       ||     1
 Abil: Bat Form          |     1 |     2 |     1 |     4 ||     8
       End Transformatio |     1 |     2 |     1 |     3 ||     7
Evoke: Wand              |       |     1 |       |       ||     1
  Use: Scroll            |     6 |     1 |    10 |    16 ||    33
       Potion            |     4 |     2 |     6 |    11 ||    23
 Stab: Sleeping          |    33 |    10 |    49 |    83 ||   175
       Confused          |     2 |     4 |    31 |    24 ||    61
       Distracted        |       |       |     1 |     4 ||     5
Armor: Robe              |    36 |    10 |    24 |    16 ||    86
Dodge: Dodged            |   108 |    35 |    85 |    88 ||   316
Block: Buckler           |       |     3 |    21 |    30 ||    54
